AoeStats
← mat90

Black Forest

508496396Analyzed
4v4 RM · 9d ago on Sep 22, 2026· 80m 10s· 8 players
Game mode
Random Map
Map size
Large (8 player)
Population
200
Speed
Normal
Resources
Standard
Victory
Conquest
Starting age
Dark Age
Ending age
Imperial Age
RankedLock teamsTeams togetherTeam positionsShared explorationLock speedFull tech treeHidden civsTurbo modeCheats
Victory
Defeat
🇨🇭 Danes · Switzerland
1236
+12
🇨🇭 Varangians · Switzerland
1215
+13
🇨🇭 Bohemians · Switzerland
1037
+20
🇨🇿 Maya · Czechia
981
+23
🇮🇳 Hindustanis · India
1169
-18
🇫🇷 Bengalis · France
1142
-17
🇺🇸 Franks · United States
1141
-17
🇬🇧 Mongols · United Kingdom
1118
-16
agiardpro
2:14 Loom
11:29 Feudal Age
11:50 Horse Collar
11:56 Double-Bit Axe
16:52 Castle Age
17:42 Bow Saw
17:35 Heavy Plow
24:12 Gold Mining
24:16 Stone Mining
27:19 Gold Shaft Mining
27:11 Fletching
29:07 Wheelbarrow
28:42 Caravan
29:41 Ballistics
29:33 Padded Archer Armor
31:27 Bloodlines
31:17 Husbandry
31:34 Hand Cart
34:11 Imperial Age
32:53 Bodkin Arrow
34:00 Leather Archer Armor
34:41 Paiks
34:49 Elite Elephant Archer
35:52 Conscription
36:48 Mahayana
41:50 Light Cavalry
42:57 Bracer
43:27 Ring Archer Armor
43:09 Forging
43:05 Scale Barding Armor
44:15 Elite Battle Elephant
54:20 Iron Casting
54:06 Chain Barding Armor
63:36 Two-Man Saw
64:00 Blast Furnace
63:36 Plate Barding Armor
70:16 Town Watch
DazCar
2:04 Loom
10:51 Feudal Age
15:19 Castle Age
15:36 Double-Bit Axe
15:39 Horse Collar
19:28 Fletching
24:50 Bow Saw
24:49 Padded Archer Armor
26:15 Bodkin Arrow
27:41 Leather Archer Armor
27:55 Ballistics
33:15 Imperial Age
33:07 Gold Mining
33:56 Bracer
33:53 Capped Ram
36:39 Wheelbarrow
35:50 Town Watch
38:20 Elite Mangudai
40:06 Thumb Ring
40:08 Husbandry
42:01 Parthian Tactics
43:13 Chemistry
42:41 Siege Ram
46:36 Drill
57:47 Onager
59:09 Caravan
62:58 Elite Steppe Lancer
65:01 Scale Barding Armor
65:06 Forging
67:32 Light Cavalry
70:56 Bloodlines
72:50 Chain Barding Armor
73:06 Iron Casting
73:06 Hussar
tracter3515
5:37 Loom
14:16 Feudal Age
19:34 Castle Age
18:19 Double-Bit Axe
19:06 Scale Mail Armor
19:17 Forging
19:03 Gold Mining
19:05 Stone Mining
20:56 Wheelbarrow
22:34 Fletching
27:04 Bow Saw
30:05 Hand Cart
30:32 Gold Shaft Mining
30:14 Town Watch
33:54 Imperial Age
32:47 Masonry
32:18 Treadmill Crane
32:53 Fortified Wall
32:23 Treadmill Crane
32:54 Masonry
33:09 Caravan
34:30 Ordonnance Companies
35:35 Conscription
36:16 Chain Mail Armor
36:37 Iron Casting
36:25 Husbandry
37:20 Architecture
37:13 Ballistics
36:34 Heavy Mounted Crossbowman
36:35 Cranequins
39:27 Bodkin Arrow
40:03 Plate Mail Armor
40:34 Blast Furnace
40:00 Chivalry
40:21 Elite Throwing Axeman
42:38 Scale Barding Armor
44:19 Cavalier
46:04 Paladin
48:16 Chain Barding Armor
50:11 Squires
52:14 Coinage
51:26 Light Cavalry
53:30 Elite Skirmisher
54:47 Arson
54:48 Gambesons
60:48 Plate Barding Armor
61:45 Banking
62:38 Chemistry
61:47 Siege Engineers
Toxic_Smit
0:51 Loom
3:32 Loom
6:15 Loom
11:03 Feudal Age
15:04 Castle Age
13:46 Fletching
13:57 Scale Mail Armor
14:58 Double-Bit Axe
15:19 Stone Mining
18:41 Forging
19:00 Horse Collar
19:24 Gold Mining
25:18 Wheelbarrow
26:37 Heavy Plow
27:52 Bow Saw
30:04 Hand Cart
34:17 Imperial Age
31:36 Town Watch
32:27 Scale Barding Armor
32:58 Iron Casting
32:36 Bloodlines
32:27 Husbandry
33:20 Grand Trunk Road
34:45 Chain Barding Armor
34:32 Caravan
34:21 Heavy Camel Rider
36:53 Conscription
37:41 Chemistry
36:47 Siege Engineers
36:27 Imperial Camel Rider
38:31 Siege Elephant
38:34 Onager
40:11 Masonry
42:56 Shatagni
43:40 Plate Barding Armor
44:06 Blast Furnace
43:02 Bodkin Arrow
50:36 Bracer
50:52 Chain Mail Armor
52:35 Ballistics
52:11 Murder Holes
58:03 Shatagni
60:09 Thumb Ring
59:37 Light Cavalry
62:42 Thumb Ring
62:36 Elite Skirmisher
63:00 Hussar
70:22 Elite Ghulam
73:50 Padded Archer Armor
77:05 Leather Archer Armor
mat90
0:34 Loom
11:50 Feudal Age
14:34 Double-Bit Axe
22:19 Castle Age
21:10 Horse Collar
24:44 Bow Saw
27:14 Wheelbarrow
29:12 Fervor
30:38 Hand Cart
31:46 Heavy Plow
31:44 Fletching
33:04 Fortified Wall
33:57 Chemistry
36:42 Imperial Age
34:58 Town Watch
37:28 Bodkin Arrow
38:19 Siege Engineers
38:35 Ballistics
38:11 Murder Holes
38:31 Forging
38:21 Scale Mail Armor
41:03 Conscription
41:15 Town Patrol
41:28 Squires
40:49 Pikeman
42:22 Houfnice
43:13 Halberdier
45:10 Wagenburg Tactics
45:42 Iron Casting
45:23 Chain Mail Armor
48:01 Blast Furnace
47:48 Caravan
54:34 Plate Mail Armor
68:30 Masonry
elite chicken
11:02 Feudal Age
12:25 Double-Bit Axe
14:49 Castle Age
12:39 Horse Collar
15:55 Heavy Plow
16:10 Bow Saw
22:25 Wheelbarrow
22:45 Loom
23:13 Gold Mining
23:45 Hand Cart
25:20 Stone Mining
28:23 Imperial Age
26:11 Stone Mining
26:51 Scale Barding Armor
27:36 Stone Shaft Mining
27:35 Forging
28:38 Chain Barding Armor
29:45 Iron Casting
30:20 Crop Rotation
29:37 Vendel Legacy
30:38 Conscription
30:41 Caravan
31:36 Plate Barding Armor
31:20 Husbandry
31:17 Cavalier
33:07 Blast Furnace
32:23 Bloodlines
34:28 Two-Man Saw
35:49 Town Watch
35:49 Treadmill Crane
36:20 Masonry
36:22 Fortified Wall
37:16 Chemistry
36:25 Gothikon
37:05 Scale Mail Armor
37:29 Ballistics
37:17 Fletching
37:59 Architecture
38:18 Coinage
39:48 Chain Mail Armor
39:29 Bodkin Arrow
39:37 Squires
39:51 Elite Jarl
41:04 Plate Mail Armor
40:08 Pikeman
40:35 Arson
61:13 Banking
61:18 Bracer
61:29 Siege Engineers
63:37 Guilds
ironthrone2574
4:09 Loom
11:18 Feudal Age
13:54 Double-Bit Axe
16:59 Castle Age
16:18 Horse Collar
18:01 Bow Saw
21:18 Heavy Plow
23:47 Wheelbarrow
23:17 Stone Mining
25:07 Gold Mining
25:54 Hand Cart
29:27 Gold Shaft Mining
31:43 Imperial Age
29:22 Town Watch
30:14 Stone Shaft Mining
29:57 Forging
30:44 Scale Mail Armor
31:20 Iron Casting
31:00 Caravan
32:42 Chain Mail Armor
32:06 Onager
33:09 Town Patrol
33:55 Conscription
33:03 Pikeman
33:44 Squires
33:29 Gambesons
33:30 Arson
34:00 Halberdier
36:00 Blast Furnace
35:30 Plate Mail Armor
34:42 Siege Onager
36:23 Siege Engineers
37:19 Chemistry
36:40 Ballistics
40:52 Coinage
40:29 Northmen's Fury
40:40 Hamask
42:19 Elite Jomsviking
43:26 Masonry
43:25 Capped Ram
44:05 Fletching
44:13 Murder Holes
45:14 Banking
46:10 Siege Ram
48:07 Hoardings
47:26 Arrowslits
47:32 Heated Shot
60:39 Heavy Scorpion
61:12 Guard Tower
64:48 Elite Varangian Guard
74:14 Keep
Bentley
9:33 Loom
12:45 Feudal Age
17:06 Gold Mining
16:59 Horse Collar
17:07 Double-Bit Axe
17:20 Stone Mining
17:29 Stone Mining
19:50 Castle Age
32:26 Wheelbarrow
32:06 Bow Saw
32:08 Heavy Plow
33:31 Stone Shaft Mining
34:35 Fletching
34:47 Padded Archer Armor
35:48 Hand Cart
35:20 Town Watch
39:11 Imperial Age
40:44 Leather Archer Armor
40:24 Bodkin Arrow
40:53 Ballistics
41:35 Chemistry
40:50 Fortified Wall
40:42 Murder Holes
40:58 Masonry
41:00 Town Patrol
42:33 Conscription
41:37 Elite Plumed Archer
43:34 Ring Archer Armor
43:05 Bracer
45:44 Eagle Warrior
47:29 Architecture
67:06 Forging
66:58 Scale Mail Armor
66:46 Treadmill Crane
68:34 Elite Eagle Warrior
69:01 Arson
69:18 Squires
68:40 Pikeman
69:38 Chain Mail Armor
69:04 Man-at-Arms
70:24 Iron Casting
76:44 Plate Mail Armor
77:15 Blast Furnace
79:02 Holcans
Connection lost

Rejoining the realm…

Still unreachable

The connection could not be restored.

Session expired

The server has moved on; the page needs a fresh start.